 Dungeon Crawl Stone Soup version 0.16.1-7-g2c6721e (webtiles) character file.

25 Siriah the Caller (level 2, -4/11 HPs)
             Began as a Felid Summoner on Mar 29, 2015.
             Killed by nerve-wracking pain
             ... invoked by an orc priest
              (7 damage)
             ... on level 3 of the Dungeon.
             The game lasted 00:05:32 (1542 turns).

Siriah the Caller (Felid Summoner)                  Turns: 1542, Time: 00:05:33

Health: -4/11      AC:  2    Str:  4    XL:     2   Next: 86%
Magic:  4/5        EV: 18    Int: 16    God:
Gold:   121        SH:  0    Dex: 16    Spells: 2 memorised, 2 levels left
                                        Lives:  0   Deaths: 0

rFire  . . .     SeeInvis +     (weapon unavailable)
rCold  . . .     Clarity  .     (armour unavailable)
rNeg   . . .     SustAb   .     (shield unavailable)
rPois  .         Gourm    .     (helmet unavailable)
rElec  .         Spirit   .     (cloak unavailable)
rCorr  .         Warding  .     (gloves unavailable)
rMut   .         Stasis   .     (boots unavailable)
MR     .....                    (no amulet)
Stlth  +++.......               (no ring)
                                i - +1 ring of protection

@: quick, not resistant to hostile enchantments, fairly stealthy
A: paw claws, no armour, no weapons or thrown items, fangs 3, see invisible,
carnivore 3, speed 1, shaggy fur 1, slow metabolism 1, sharp paws
a: no special abilities


You were on level 3 of the Dungeon.
You were completely stuffed.

You visited 1 branch of the dungeon, and saw 3 of its levels.

You collected 121 gold pieces.

Inventory:

Jewellery
 i - a +1 ring of protection (left paw)
Scrolls
 a - a scroll of fog {unknown}
 e - a scroll of remove curse {unknown}
 f - 3 scrolls of identify {unknown}
 h - a scroll of amnesia {unknown}
 j - a scroll of magic mapping {unknown}
 k - a scroll of recharging {unknown}
Potions
 d - 2 potions of haste {unknown}
 g - a potion of heal wounds {unknown}
 m - a potion of might {unknown}
Books
 b - a book of Callings

   Spells                             Type                      Level
   a - Summon Small Mammal            Summoning                    1
   b - Call Imp                       Summoning                    2
   c - Call Canine Familiar           Summoning                    3
   d - Summon Guardian Golem          Hexes/Summoning              4
   e - Summon Lightning Spire         Summoning/Air                4
   f - Summon Ice Beast               Ice/Summoning                4
Comestibles
 c - a meat ration
 l - 3 chunks of flesh


   Skills:
 + Level 2.8 Dodging
 + Level 2.9 Stealth
 + Level 2.2 Spellcasting
 * Level 4.6 Summonings


You had 2 spell levels left.
You knew the following spells:

 Your Spells              Type           Power        Failure   Level  Hunger
a - Summon Small Mammal   Summ           ###.         3%          1    #......
b - Call Imp              Summ           ###.....     6%          2    ###....


Dungeon Overview and Level Annotations

Branches:
Dungeon (3/15)

Altars:
Okawaru
Ru


Innate Abilities, Weirdness & Mutations

You cannot wear armour.
You are incapable of wielding weapons or throwing items.
You have razor-sharp teeth.
You have supernaturally acute eyesight.
You are carnivorous and can eat meat at any time.
You cover ground quickly.
You are covered in fur (AC +1).
You have a slow metabolism.
Your paws have sharp claws that are effective at stabbing.


Message History

You now have 121 gold pieces (gained 11).
There are no items here.
You swap places.
You see here a giant gecko corpse.
You butcher the giant gecko corpse.
l - 3 chunks of flesh (gained 1)
An orc and an orc priest come into view.
An orc comes into view.
An orc priest comes into view.
The orc priest shouts!
The orc priest mumbles some strange prayers to Beogh against you.
Pain shoots through your body!
Ouch! That really hurt!
* * * LOW HITPOINT WARNING * * *
An orc comes into view. It is wielding a short sword.
The orc shouts!
The orc priest calls down the wrath of Beogh upon you.
Pain shoots through your body!
Ouch! That really hurt!
You die...

. .oo####
#ooo..##
#.@####
##..5.#
####.######
#.........#
#.........#
#.........#
#.........#
#.#########
##.#


You could see 2 orc priests, 3 orcs and a friendly white imp.

Vanquished Creatures
  4 giant cockroaches (D:2)
  A hobgoblin (D:1)
  A ball python (D:2)
  4 bats
  2 giant newts (D:1)
  A rat (D:2)
13 creatures vanquished.

Vanquished Creatures (collateral kills)
  2 giant geckos
  A bat (D:1)
  A giant cockroach (D:1)
  3 hobgoblins
  A giant newt (D:1)
  A goblin (D:1)
  3 kobolds (D:1)
  2 rats
14 creatures vanquished.

Vanquished Creatures (others)
  A quokka (D:1)
  A bat (D:1)
2 creatures vanquished.

Grand Total: 29 creatures vanquished

Notes
Turn   | Place    | Note
--------------------------------------------------------------
     0 | D:1      | Siriah, the Felid Summoner, began the quest for the Orb.
     0 | D:1      | Reached XP level 1. HP: 7/7 MP: 4/4
   227 | D:1      | Reached XP level 2. HP: 4/11 MP: 1/5
   238 | D:1      | Learned a level 2 spell: Call Imp
  1392 | D:2      | Found an iron altar of Okawaru.
  1396 | D:2      | Found a sacrificial altar of Ru.
  1542 | D:3      | Killed from afar by an orc priest

Action                   || total
-------------------------++-------
Melee: Unarmed           ||    56
 Cast: Summon Small Mamm ||    19
       Call Imp          ||     4
 Stab: Sleeping          ||     5
  Eat: Chunk             ||     9
